 Dungeon Crawl Stone Soup version 0.31.0-9-g3a7656b989 (webtiles) character file.

Game seed: 7412257458490241243

809 Jase the Changeling (level 7, -1/78 HPs)
             Began as a Merfolk Shapeshifter on Jan 25, 2024.
             Was an Initiate of Gozag.
             Shot with an arrow by a centaur (4 damage)
             ... on level 5 of the Dungeon.
             The game lasted 00:09:41 (3482 turns).

Jase the Changeling (Merfolk Shapeshifter)          Turns: 3482, Time: 00:09:42

Health: -1/78      AC: 23    Str: 15    XL:     7   Next: 92%
Magic:  7/7        EV:  2    Int:  9    God:    Gozag
Gold:   546        SH:  0    Dex: 15    Spells: 6/6 levels left

rFire   . .          .
                       - Unarmed
rCold   . . .        (no shield)
rNeg    . . .        a - melded +0 animal skin
rPois   +            (helmet currently unavailable)
rElec   .            (cloak currently unavailable)
rCorr   .            (gloves currently unavailable)
SInv    .            (boots currently unavailable)
Will    .....        (no amulet)
Stlth   +            (no ring)
HPRegen 0.33/turn    (no ring)
MPRegen 0.10/turn

%: no passive effects
@: tree-form, gold aura
A: stationary, stasis, torment immunity, boosted hp, (nimble swimmer 2),
(mertail)
a: Renounce Religion, Potion Petition, Call Merchant, Bribe Branch


You were on level 5 of the Dungeon.
You worshipped Gozag.
Gozag was pleased with you.
You were a tree.
You visited 1 branch of the dungeon, and saw 5 of its levels.

You collected 546 gold pieces.

Inventory:

Missiles
 k - 3 boomerangs (quivered)
Armour
 a - a +0 animal skin (melded)
Talismans
 c - a beast talisman
 d - a flux talisman (active)
Scrolls
 e - a scroll of brand weapon {unknown}
 g - 2 scrolls of poison {unknown}
 h - 2 scrolls of vulnerability {unknown}
 l - a scroll of fear {unknown}
 q - 2 scrolls of amnesia {unknown}
 r - a scroll of acquirement {unknown}
Potions
 b - a potion of lignification
 i - a potion of brilliance
 j - 3 potions of curing {unknown}
 m - 2 potions of might {unknown}
 o - 2 potions of degeneration {unknown}
 p - 2 potions of haste {unknown}
 s - a potion of attraction


   Skills:
 + Level 3.4 Fighting
 + Level 4.0 Dodging
 + Level 6.7 Unarmed Combat
 + Level 7.6 Shapeshifting


You had 6 spell levels left.
You didn't know any spells.
Your spell library contained the following spells:

 Spells                   Type           Power      Damage    Failure   Level
 Necrotise                Necr           0%         1d4       38%         1
 Inner Flame              Hex/Fire       0%         N/A       77%         3
 Vampiric Draining        Necr           0%         2d6       77%         3
 Flame Wave               Conj/Fire      0%         2d4       99%         4
 Martyr's Knell           Necr/Summ      0%         N/A       99%         4
 Sticky Flame             Fire/Alch      0%         2d4       99%         4
 Curse of Agony           Necr           0%         N/A       100%        5


Dungeon Overview and Level Annotations

Branches:
Dungeon (5/15)
 Temple: D:4-7

Altars:
Ashenzari
Fedhas
Gozag
Sif Muna
Yredelemnul
Zin

Shops:
D:3 [


Innate Abilities, Weirdness & Mutations

You are a tree.
Your roots penetrate the ground, keeping you stationary.
You cannot be teleported.
You are immune to unholy pain and torment.
Your maximum health is greatly increased.
Your equipment is partially melded.
((You are very nimble when in or above water. (Stealth+, EV+, Speed+++)))
((Your lower body shifts to a powerful aquatic tail in water.))


Message History

Unknown command.
Unknown command.
You hit the troll.
The troll is severely wounded.
The centaur shoots an arrow.
The arrow hits you but does no damage. The centaur hits you.
* * * LOW HITPOINT WARNING * * *
The centaur kicks you but does no damage.
The troll bites you.
* * * LOW HITPOINT WARNING * * *
The troll barely misses you. The troll claws you but does no damage.
The centaur shoots an arrow.
The arrow hits you but does no damage.
Unknown command.
You cannot move.
You smack the troll!
The troll is almost dead.
The centaur hits you but does no damage.
The centaur kicks you but does no damage.
The centaur shoots an arrow.
The arrow hits you but does no damage. The troll bites you but does no damage.
The troll claws you but does no damage. The troll claws you.
* * * LOW HITPOINT WARNING * * *
You smack the troll!
You kill the troll!
The centaur hits you but does no damage.
The centaur kicks you but does no damage.
The centaur shoots an arrow.
The arrow hits you but does no damage.
The centaur hits you but does no damage.
The centaur kicks you but does no damage.
Your Fighting skill increases to level 3!
Your Dodging skill increases to level 4!
Okay, then.
Okay, then.
Okay, then.
Unknown command.
You smack the centaur!
The centaur is severely wounded.
The centaur shoots an arrow.
The arrow hits you.
You die...
Your body crumbles into a pile of gold.

......#.... .
##.....#..$.
..##.........#
.............##
......#.....###
#...#........
.c###............
#......c$........
#.##...♣.........
#..............
#..............
#...#..........
#....#..........
##..###.........
#.# #.(....... ##
###.......
.......


You could see 2 centaurs.

Vanquished Creatures
  A troll (D:5)
  An ice beast (D:5)
  A howler monkey (D:4)
  3 hounds
  A bombardier beetle (D:3)
  A gnoll bouda (D:4)
  A jelly (D:5)
  Natasha (D:4)
  3 iguanas
  7 gnolls
  4 adders
  2 ribbon worms
  3 dart slugs
  2 orcs
  4 endoplasms
  6 giant cockroaches
  11 goblins
  9 hobgoblins
  2 jackals
  2 quokkas (D:1)
  11 ball pythons
  4 bats
  2 frilled lizards
  3 kobolds
  9 rats
94 creatures vanquished.

Notes
Turn   | Place    | Note
-------+----------+-------------------------------------------
     0 | D:1      | Jase the Merfolk Shapeshifter began the quest for the Orb.
     0 | D:1      | Reached XP level 1. HP: 15/15 MP: 1/1
   160 | D:1      | Reached XP level 2. HP: 21/21 MP: 2/2
   272 | D:1      | Reached XP level 3. HP: 24/26 MP: 3/3
   477 | D:2      | Found a shimmering blue altar of Sif Muna.
   559 | D:2      | Found a faded altar of an unknown god.
   563 | D:2      | Reached skill level 5 in Shapeshifting
   599 | D:2      | Prayed at the altar of an unknown god.
   599 | D:2      | Became a worshipper of Gozag Ym Sagoz the Greedy
   751 | D:2      | Reached XP level 4. HP: 23/32 MP: 4/4
  1277 | D:3      | Found Curuw's Antique Armour Emporium.
  1306 | D:3      | Found a blossoming altar of Fedhas.
  1328 | D:3      | Found a basalt altar of Yredelemnul.
  1582 | D:3      | Reached XP level 5. HP: 36/37 MP: 5/5
  1693 | D:3      | Reached skill level 5 in Unarmed Combat
  2034 | D:4      | Reached skill level 6 in Shapeshifting
  2338 | D:4      | Found a broken altar of Ashenzari.
  2338 | D:4      | Noticed Natasha
  2348 | D:4      | Killed Natasha
  2443 | D:4      | Found a glowing silver altar of Zin.
  2447 | D:4      | Reached XP level 6. HP: 43/43 MP: 6/6
  2719 | D:5      | Entered Level 5 of the Dungeon
  2720 | D:5      | Noticed an ice beast
  3165 | D:5      | Killed an ice beast
  3166 | D:5      | Reached skill level 7 in Shapeshifting
  3166 | D:5      | Reached XP level 7. HP: 50/50 MP: 7/7
  3461 | D:5      | Noticed a troll
  3479 | D:5      | HP: 3/76 [troll (1)]
  3481 | D:5      | Killed a troll
  3482 | D:5      | Shot with an arrow by a centaur

Illustrated notes

Levels and vault maps discovered:
D:1:      lemuel_arrival_hallway, layout_basic
D:2:      layout_loops_ring, basic_altar, shapermc_ecumenical_altar_gd
D:3:      layout_rooms, fedhas_altar_1, mainiacjoe_overflow_alcove_2,
          serial_shops, nicolae_shop_hallway_stairs,
          chequers_serial_rivers_room_b
D:4:      layout_loops_ring, lemuel_round_altar,
          mainiacjoe_overflow_tiny_flanked, uniq_natasha
D:5:      lemuel_ratsnest, layout_cave_pools, jmf_multi_god_temple,
          minmay_misc_feat_roman

Skill      XL: |  1  2  3  4  5  6  7 |
---------------+----------------------+-----
Unarmed Combat | 4 5 6 |  6.7
Shapeshifting  | 5 6 7 |  7.6
Dodging        | 3 4 |  4.0
Fighting       | 2 3 |  3.4

Action                     |  1- 3 |  4- 6 |  7- 9 || total
---------------------------+-------+-------+-------++-------
  Melee: Unarmed           |    81 |   138 |    35 ||   254
         Punch             |     1 |     4 |     2 ||     7
    Use: Scroll            |       |     4 |       ||     4
         Potion            |       |     1 |     2 ||     3
   Stab: Sleeping          |     3 |     2 |       ||     5
         Distracted        |     1 |     2 |       ||     3
 Armour: Animal skin       |    24 |    65 |     8 ||    97
         Skin              |       |     7 |    63 ||    70
  Dodge: Dodged            |    40 |    60 |    15 ||   115
   Form: Flux              |       |       |     1 ||     1
